AoeStats
← Melegorth

Highland

505835751Analyzed
3v3 RM · 21d ago on Sep 11, 2026· 77m 19s· 6 players
Game mode
Random Map
Map size
Normal (6 player)
Population
200
Speed
Normal
Resources
Standard
Victory
Conquest
Starting age
Dark Age
Ending age
Imperial Age
RankedLock teamsTeams togetherTeam positionsShared explorationLock speedFull tech treeHidden civsTurbo modeCheats
Victory
Defeat
🇩🇪 Khmer · Germany
1071
+12
🇫🇷 Chinese · France
1051
+13
🇺🇸 Poles · United States
998
+42
🇩🇪 Spanish · Germany
1174
-20
🇦🇺 Persians · Australia
1051
-15
🇮🇳 Ethiopians · India
713
-5
Melegorth
1:20 Loom
13:17 Feudal Age
14:47 Double-Bit Axe
14:55 Gold Mining
14:57 Stone Mining
19:22 Horse Collar
23:06 Castle Age
22:34 Scale Barding Armor
24:05 Scale Mail Armor
24:55 Caravan
25:23 Bow Saw
25:50 Heavy Plow
27:04 Wheelbarrow
28:49 Light Cavalry
32:49 Bloodlines
32:40 Husbandry
Gosu
9:19 Feudal Age
9:45 Double-Bit Axe
14:39 Horse Collar
14:55 Gold Mining
22:18 Castle Age
23:11 Fishing Lines
24:11 Bow Saw
24:03 Heavy Plow
26:13 Medium Warships
27:11 Wheelbarrow
26:44 Gillnets
30:07 Gold Shaft Mining
30:12 Hand Cart
31:31 Fletching
37:31 Imperial Age
34:50 Loom
35:21 Stone Mining
35:23 Elite Skirmisher
36:09 Thumb Ring
38:56 Bodkin Arrow
39:02 Padded Archer Armor
39:06 Caravan
40:35 Bracer
40:51 Leather Archer Armor
41:02 Rocketry
41:03 Conscription
42:00 Heavy Warships
41:54 Pikeman
42:34 Squires
43:58 Halberdier
46:12 Two-Man Saw
47:29 Man-at-Arms
47:37 Heavy Rocket Cart
48:16 Long Swordsman
49:01 Scale Mail Armor
49:11 Forging
49:28 Two-Handed Swordsman
50:45 Murder Holes
56:04 Ballistics
56:44 Chemistry
58:41 Chain Mail Armor
62:43 Plate Mail Armor
67:15 Capped Ram
68:21 Siege Ram
70:45 Champion
72:03 Iron Casting
71:58 Ring Archer Armor
Bob Tschigerillo
8:46 Loom
10:31 Feudal Age
13:42 Castle Age
12:46 Double-Bit Axe
12:41 Horse Collar
15:16 Heavy Plow
15:54 Bow Saw
23:25 Scale Barding Armor
23:31 Forging
25:00 Chain Barding Armor
24:51 Stone Mining
25:00 Gold Mining
25:32 Bloodlines
25:23 Husbandry
27:15 Wheelbarrow
27:33 Gold Shaft Mining
27:22 Town Watch
30:16 Imperial Age
28:50 Hand Cart
29:37 Iron Casting
30:38 Elite Battle Elephant
32:25 Blast Furnace
36:04 Plate Barding Armor
39:02 Conscription
40:30 Elite Skirmisher
48:48 Chemistry
48:23 Ballistics
48:33 Fletching
48:44 Padded Archer Armor
51:45 Bodkin Arrow
52:06 Leather Archer Armor
55:08 Light Cavalry
57:12 Hussar
58:20 Bracer
58:51 Ring Archer Armor
OzDucky
10:52 Loom
13:13 Feudal Age
17:19 Castle Age
15:46 Fishing Lines
18:31 Gillnets
26:30 Husbandry
31:35 Forging
31:26 Scale Mail Armor
33:11 Wheelbarrow
36:25 Imperial Age
38:03 Medium Warships
37:21 Pikeman
38:01 Squires
39:44 Iron Casting
39:24 Chain Mail Armor
39:15 Scale Barding Armor
39:00 Fletching
39:10 Padded Archer Armor
40:10 Heavy Warships
39:07 Demolition Ship
41:41 Blast Furnace
58:54 Pikeman
59:34 Squires
60:00 Halberdier
73:23 Light Cavalry
74:13 Bloodlines
Dinotrex5989
10:47 Feudal Age
14:56 Castle Age
13:39 Double-Bit Axe
16:40 Scale Barding Armor
20:30 Bloodlines
20:37 Loom
22:21 Scale Barding Armor
22:49 Husbandry
25:01 Gold Mining
25:53 Horse Collar
26:09 Town Watch
27:00 Wheelbarrow
27:25 Chain Barding Armor
29:26 Forging
31:53 Iron Casting
32:35 Hand Cart
36:01 Imperial Age
37:09 Cavalier
38:26 Plate Barding Armor
38:52 Blast Furnace
38:26 Pikeman
39:06 Squires
40:19 Chemistry
39:11 Fletching
39:33 Paladin
40:49 Bow Saw
40:24 Halberdier
41:07 Scale Mail Armor
43:18 Chain Mail Armor
45:37 Ballistics
45:28 Masonry
45:51 Plate Mail Armor
47:40 Two-Man Saw
48:13 Conscription
48:01 Bodkin Arrow
51:40 Stone Mining
51:52 Heavy Plow
53:18 Coinage
58:20 Padded Archer Armor
58:44 Caravan
66:38 Light Cavalry
67:37 Leather Archer Armor
RookToD2
8:15 Loom
10:18 Feudal Age
11:37 Double-Bit Axe
19:57 Castle Age
21:37 Bow Saw
23:27 Padded Archer Armor
23:19 Fletching
25:11 Wheelbarrow
24:02 Crossbowman
24:48 Thumb Ring
27:19 Bodkin Arrow
28:19 Elite Skirmisher
29:23 Fishing Lines
30:56 Hand Cart
30:26 Town Watch
35:49 Imperial Age
36:43 Capped Ram
39:08 Town Patrol
46:15 Caravan
46:03 Elite Shotel Warrior
47:04 Conscription
46:50 Royal Heirs
47:05 Bracer
47:16 Forging
47:06 Scale Mail Armor
47:23 Leather Archer Armor
47:59 Conscription
47:39 Royal Heirs
51:34 Arbalester
62:14 Ring Archer Armor
62:19 Iron Casting
62:00 Chain Mail Armor
69:24 Chemistry
68:27 Light Cavalry
76:39 Blast Furnace
76:10 Plate Mail Armor
Connection lost

Rejoining the realm…

Still unreachable

The connection could not be restored.

Session expired

The server has moved on; the page needs a fresh start.